 Dungeon Crawl Stone Soup version 0.21-a0-55-gb612c23 (webtiles) character file.

368 Duffy the Poker (level 6, -1/51 HPs)
             Began as a Centaur Abyssal Knight on June 15, 2017.
             Was a Believer of Lugonu.
             Slain by a gnoll
             ... wielding a +0 spear
              (5 damage)
             ... on level 3 of the Dungeon.
             The game lasted 00:03:22 (3399 turns).

Duffy the Poker (Centaur Abyssal Knight)            Turns: 3399, Time: 00:03:23

Health: -1/51      AC:  5    Str: 17    XL:     6   Next: 41%
Magic:  8/8        EV:  9    Int: 11    God:    Lugonu [**....]
Gold:   97         SH:  0    Dex:  8    Spells: 5/5 levels left

rFire    . . .     SeeInvis .   m - +0 scythe
rCold    . . .     Gourm    .   (shield currently unavailable)
rNeg     . . .     Faith    .   b - +0 leather armour
rPois    .         Spirit   .   f - +0 helmet
rElec    .         Reflect  .   (no cloak)
rCorr    .         Harm     .   (no gloves)
MR       .....                  (no barding)
Stlth    ..........             (no amulet)
HPRegen  0.17/turn              j - ring of wizardry
MPRegen  0.11/turn              (no ring)

@: very quick
A: hooves 3, deformed body, speed 2, tough skin 3
a: Depart the Abyss, Bend Space, Renounce Religion


You were on level 3 of the Dungeon.
You worshipped Lugonu.
Lugonu was pleased with you.
You were not hungry.

You visited 1 branch of the dungeon, and saw 3 of its levels.
You visited the Abyss 1 time.

You collected 97 gold pieces.

Inventory:

Hand Weapons
 a - a +1 spear
 m - a +0 scythe (weapon)
Missiles
 i - 6 javelins (quivered)
Armour
 b - a +0 leather armour (worn)
 f - a +0 helmet (worn)
Jewellery
 j - a ring of wizardry (left hand)
Scrolls
 d - a scroll of magic mapping {unknown}
 g - a scroll of teleportation {unknown}
 k - 2 scrolls of identify {unknown}
 s - a scroll of amnesia {unknown}
 t - a scroll of remove curse {unknown}
 u - a scroll of random uselessness {unknown}
Potions
 e - a potion of cancellation {unknown}
 h - 2 potions of heal wounds {unknown}
 l - a potion of might
 n - a potion of brilliance {unknown}
 o - a potion of agility {unknown}
 p - a potion of haste {unknown}
Comestibles
 c - 2 bread rations
 q - 3 meat rations
 r - a chunk of flesh


   Skills:
 - Level 3.0 Fighting
 + Level 5.8 Polearms
 - Level 1.3 Armour
 - Level 0.6 Dodging
 + Level 3.2 Invocations


You had 5 spell levels left.
You didn't know any spells.

Dungeon Overview and Level Annotations

Branches:
Dungeon (3/15)

Altars:


Innate Abilities, Weirdness & Mutations

You have hooves in place of feet.
Armour fits poorly on your strangely shaped body.
You cover ground very quickly.
You have extremely tough skin. (AC +3)


Message History

You hit the gnoll. Your kick misses the gnoll.
The gnoll is lightly wounded.
The gnoll hits you with a spear. x2
You slash the gnoll! Your kick misses the gnoll.
The gnoll is severely wounded.
The gnoll hits you with a spear. The gnoll barely misses you.
You barely miss the gnoll. You kick the gnoll.
The gnoll is severely wounded.
The gnoll barely misses you.
You hit the gnoll.
You kill the gnoll!
Lugonu accepts your kill. The gnoll hits you.
You slash the gnoll!
You kill the gnoll!
Lugonu accepts your kill.
You hit the gnoll but do no damage. You kick the gnoll, but do no damage.
The gnoll is lightly wounded.
The gnoll closely misses you. The gnoll hits you with a spear.
You die...

.#.#.........#%#...##
#.#.#.#..####.##...#
.#.#.#.#.#...#.....##
#.#.#.#.%#...#.......
.#.#.#.#.#...#.....###
#.#.#.#))####.##...#
...#.#.......#.#...##
..#.#.#.#.#..##.##..###
...#.#.#.#.#...#@#....#
#.#.#.#.#.#.#..##g#
.#.#.#.#.#.#.#...#%#
#.#.#.#.#.#.#.#..###.#.#
.#.#.#.#.#.#.#...gg....#
#.#.#.#.#.#.#.....g.....
.#.#.#.#.#.#######...#
.#.#.#.#.# ..# .#.#.#'#
.#


You could see a gnoll.

Vanquished Creatures
  Sigmund (D:2)
  An ice beast (D:2)
  3 gnolls (D:3)
  2 adders (D:2)
  2 worms (D:2)
  2 dart slugs (D:2)
  2 orcs (D:3)
  2 ball pythons (D:1)
  7 bats
  4 giant cockroaches
  5 goblins
  8 hobgoblins
  2 kobolds
  3 quokkas
  6 frilled lizards
  11 rats
61 creatures vanquished.

Notes
Turn   | Place    | Note
-------+----------+-------------------------------------------
     0 | Abyss:1  | Duffy the Centaur Abyssal Knight began the quest for the Orb.
     0 | Abyss:1  | Reached XP level 1. HP: 19/19 MP: 2/2
    94 | Abyss:1  | Noticed a chaos spawn
    96 | Abyss:1  | Noticed a large abomination
    98 | D:1      | Escaped the Abyss
   203 | D:1      | Reached skill level 2 in Polearms
   343 | D:1      | Reached * piety under Lugonu
   411 | D:1      | Reached XP level 2. HP: 26/26 MP: 3/3
  1003 | D:2      | Reached skill level 3 in Polearms
  1145 | D:2      | Reached XP level 3. HP: 31/31 MP: 4/4
  1181 | D:2      | Noticed Sigmund
  1197 | D:2      | Killed Sigmund
  1197 | D:2      | Reached skill level 5 in Polearms
  1197 | D:2      | Reached XP level 4. HP: 10/38 MP: 5/5
  1197 | D:2      | Reached XP level 5. HP: 12/45 MP: 6/6
  1821 | D:2      | Reached ** piety under Lugonu
  2381 | D:3      | Noticed an ice beast
  2443 | D:2      | Killed an ice beast
  2443 | D:2      | Reached XP level 6. HP: 8/51 MP: 6/8
  3399 | D:3      | Slain by a gnoll

Vault maps used:
D:1:      dpeg_arrival_rooms_c, minmay_distorted
D:2:      supply_closet_lemuel, uniq_sigmund
D:3:      eat_drink_and_be_merry_uskayaw, hangedman_decor_slide_cut,
          minmay_vboxes, uniq_crazy_yiuf_cottage, uniq_robin

Skill      XL: |  1  2  3  4  5  6 |
---------------+-------------------+-----
Polearms       | 2 3 5 |  5.8
Invocations    | 3 |  3.2
Fighting       | |  3.0
Armour         | |  1.3
Dodging        | |  0.6

Action                   |  1- 3 |  4- 6 || total
-------------------------+-------+-------++-------
Melee: Spear             |    80 |       ||    80
       Kick              |     5 |    18 ||    23
       Scythe            |       |   161 ||   161
Invok: Depart the Abyss  |     1 |       ||     1
  Use: Potion            |     1 |       ||     1
  Eat: Chunk             |       |     3 ||     3
       Bread ration      |       |     1 ||     1
Armor: Leather armour    |    18 |    88 ||   106
Dodge: Dodged            |    19 |   131 ||   150
